 Dungeon Crawl Stone Soup version 0.30.1-11-g7821555f0a (webtiles) character file.

Game seed: 7502060921967452286

10372 bnorton916 the Protected (level 11, 0/62 HPs)
             Began as a Deep Elf Conjurer on Jan 8, 2024.
             Was an Initiate of Gozag.
             Slain by an ogre
             ... wielding a +0 giant club
             ... led by Lodul
              (26 damage)
             ... on level 11 of the Dungeon.
             The game lasted 00:26:50 (17730 turns).

bnorton916 the Protected (Deep Elf Conjurer)       Turns: 17730, Time: 00:26:50

Health: 0/62       AC:  8    Str: 12    XL:     11   Next: 35%
Magic:  4/28       EV: 12    Int: 26    God:    Gozag
Gold:   1052       SH:  0    Dex: 13    Spells: 21/32 levels left

rFire   . . .        h - +2 dagger (freeze)
rCold   . . .        (no shield)
rNeg    . . .        C - +0 robe {Will+}
rPois   .            u - +0 helmet
rElec   .            B - +1 cloak {rCorr}
rCorr   +            (no gloves)
SInv    .            n - +0 pair of boots
Will    ++...        (no amulet)
Stlth   ++           f - ring of wizardry
HPRegen 0.30/turn    F - +6 ring of strength
MPRegen 0.21/turn

%: wizardry (x1)
@: slowed, very slow
A: no striking features
a: Renounce Religion, Potion Petition, Call Merchant, Bribe Branch


You were on level 11 of the Dungeon.
You worshipped Gozag.
Gozag was most pleased with you.
You visited 2 branches of the dungeon, and saw 12 of its levels.

You collected 1831 gold pieces.
You spent 744 gold pieces at shops.
You paid 35 gold pieces to Gozag.

Inventory:

Hand Weapons
 h - a +2 dagger of freezing (weapon)
 w - a +0 long sword of draining
 H - a +2 vampiric dagger
 M - the +6 arbalest "Akeakear" {flame, +Blink rC- rN++ Stlth+}
   (You found it on level 11 of the Dungeon)

   rC:        It makes you vulnerable to cold.
   rN:        It greatly protects you from negative energy.
   +Blink:    It lets you blink.
   Stlth:     It makes you more stealthy.
Missiles
 L - 2 throwing nets
Armour
 n - a +0 pair of boots (worn)
 u - a +0 helmet (worn)
 B - a +1 cloak of preservation (worn)
 C - a +0 robe of willpower (worn)
Jewellery
 f - a ring of wizardry (left hand)
 F - a +6 ring of strength (right hand)
 K - a ring of ice
Wands
 m - a wand of flame (29)
 G - a wand of roots (7)
Scrolls
 b - 2 scrolls of enchant weapon
 c - 2 scrolls of silence
 e - 3 scrolls of blinking
 i - 2 scrolls of amnesia
 j - 4 scrolls of fog
 k - a scroll of brand weapon
 l - a scroll of torment
 q - 6 scrolls of teleportation
 s - 4 scrolls of immolation
 x - 3 scrolls of enchant armour
 y - 4 scrolls of magic mapping
 N - a scroll of identify
Potions
 a - a potion of lignification
 d - 6 potions of heal wounds
 g - 6 potions of mutation
 o - 3 potions of might {unknown}
 p - 2 potions of resistance {unknown}
 r - 3 potions of flight {unknown}
 t - a potion of haste
 v - 4 potions of brilliance
 z - 3 potions of invisibility {unknown}
 A - 4 potions of attraction
 D - a potion of magic
 E - 8 potions of curing
 I - 2 potions of berserk rage {unknown}
 J - a potion of ambrosia {unknown}


   Skills:
 + Level 4.3 Fighting
 - Level 12.0 Armour
 - Level 2.4 Dodging
 - Level 2.4 Stealth
 - Level 11.1 Spellcasting
 - Level 10.0 Conjurations
 - Level 6.1 Hexes
 - Level 5.1 Translocations


You had 21 spell levels left.
You knew the following spells:

 Your Spells              Type           Power      Damage    Failure   Level
a - Magic Dart            Conj           100%       1d8       1%          1
b - Searing Ray           Conj           100%       2d8       1%          2
c - Iskenderun's Mystic   Conj/Tloc      52%        2d11      1%          4
d - Fulminant Prism       Conj/Hex       27%        3d14      1%          4

Your spell library contained the following spells:

 Spells                   Type           Power      Damage    Failure   Level
 Dazzling Flash           Conj/Hex       100%       N/A       1%          3
 Hailstorm                Conj/Ice       40%        3d10      1%          3
 Ice Form                 Ice/Tmut       14%        N/A       16%         4
 Simulacrum               Ice/Necr       Unusable   N/A       N/A         6

Dungeon Overview and Level Annotations

Branches:
Dungeon (11/15)            Temple (1/1) D:4             Orc (0/2) D:9
   Lair: D:8-11

Altars:
Ashenzari
Cheibriados
Dithmenos
Elyvilon
Fedhas
Gozag
Hepliaklqana
Kikubaaqudgha
Makhleb
Nemelex Xobeh
Okawaru
Qazlal
Ru
Sif Muna
Trog
Uskayaw
Vehumet
Wu Jian
Xom
Yredelemnul
Zin
The Shining One

Shops:
D:5 *([

Annotations:
D:8 Gastronok
D:11 Lodul
Temple 4 transporters


Message History

A wraith comes into view.
You see here 16 gold pieces.
Casting: Fulminant Prism (dangerous; 1% risk of failure)
Confirm with . or Enter, or press ? or * to list all spells.
You erupt in a blast of force!
The mystic blast hits the wraith.
The wraith is lightly damaged.
The wraith is knocked back by the mystic blast.
Unknown command.
A troll comes into view.
The wraith hits you!
The troll moves out of view.
Casting: Iskenderun's Mystic Blast (dangerous; 1% risk of failure)
Confirm with . or Enter, or press ? or * to list all spells.
You erupt in a blast of force!
The mystic blast hits the wraith.
The wraith is moderately damaged.
The wraith is knocked back by the mystic blast.
You hear a shout!
Unknown command.
The wraith hits you. The wraith drains your vigour!
You feel yourself slow down.
Casting: Iskenderun's Mystic Blast (dangerous; 1% risk of failure)
Confirm with . or Enter, or press ? or * to list all spells.
You erupt in a blast of force!
The mystic blast hits the ogre!
The ogre is heavily wounded.
The ogre is knocked back by the mystic blast.
The mystic blast hits the troll!
The troll is moderately wounded.
The troll is knocked back by the mystic blast.
The mystic blast hits the wraith!
The wraith is severely damaged.
The wraith is knocked back by the mystic blast.
You hear a shout! x2
The cyclops throws a large rock.
The large rock hits you!!
* * * LOW HITPOINT WARNING * * *
Okay, then.
Unknown command.
You feel much better. The wraith hits you! The wraith drains your vigour!
You feel as though you will be slow longer.
The ogre hits you with a +0 giant club!!
You die...
Your body crumbles into a pile of gold.

.#.#...........#.#.# #..
....##C....##...... . ..
#...............#.. #.
..#....#C###.#....#..
.....#...............#..
.......##.....##......
#.#.#C.......O..#.#.#
.#.#...#.#$#..(#.#.#...#
......W@OO.#.#.#........
.##....T##.......##.....
.............#........O.
..#.###.#....#....#)###
... ........#.....## .#
..##.......###
......#.#.#..
..#.#.#.###.## $


You could see Lodul, a cyclops, a troll, a wraith and an ogre.

Vanquished Creatures
  A two-headed ogre (D:5)
  Pikel (D:8)
  2 cyclopes (D:11)
  An oklob plant (D:10)
  Joseph (D:8)
  A gargoyle (D:5)
  2 kobold demonologists
  An unseen horror (D:10)
  Psyche (D:8)
  2 trolls
  A hornet (D:11)
  Sigmund (D:6)
  4 yaks (D:10)
  A wraith (D:10)
  4 vampire mosquitoes (D:10)
  2 acid dragons
  A water moccasin (D:7)
  An ice beast (D:7)
  A sky beast (D:8)
  2 black bears
  6 orc warriors
  2 ogres (D:5)
  6 centaurs
  3 phantoms
  A kobold brigand (D:9)
  Blork the orc (D:4)
  3 bullfrogs
  A gnoll sergeant (D:9)
  2 scorpions
  12 wights
  4 killer bees (D:9)
  9 orc priests
  3 hounds
  A jelly (D:4)
  Jessica (D:3)
  7 iguanas
  7 orc wizards
  Robin (D:2)
  5 adders
  3 gnolls (D:9)
  An ufetubus (D:6)
  3 worms
  4 dart slugs
  34 orcs
  11 endoplasms
  4 giant cockroaches (D:1)
  14 goblins
  7 hobgoblins
  7 jackals (D:1)
  5 quokkas
  6 ball pythons
  5 bats
  A frilled lizard (D:2)
  11 kobolds
  4 rats
226 creatures vanquished.

Vanquished Creatures (others)
  93 fulminant prisms
93 creatures vanquished.

Grand Total: 319 creatures vanquished

Notes
Turn   | Place    | Note
-------+----------+-------------------------------------------
     0 | D:1      | bnorton916 the Deep Elf Conjurer began the quest for the
                  | Orb.
     0 | D:1      | Reached XP level 1. HP: 10/10 MP: 6/6
   236 | D:1      | Reached XP level 2. HP: 15/15 MP: 5/8
   538 | D:1      | Learned a level 2 spell: Searing Ray
  1189 | D:1      | Reached XP level 3. HP: 19/19 MP: 7/10
  1291 | D:1      | Reached skill level 5 in Conjurations
  1878 | D:2      | Noticed Robin
  2470 | D:2      | Reached XP level 4. HP: 24/24 MP: 10/12
  2484 | D:2      | Learned a level 4 spell: Iskenderun's Mystic Blast
  2489 | D:2      | Learned a level 4 spell: Fulminant Prism
  2834 | D:3      | Reached skill level 1 in Hexes
  2888 | D:3      | Reached skill level 5 in Spellcasting
  2970 | D:3      | Found a hide-covered altar of Uskayaw.
  3107 | D:3      | Noticed Jessica
  3113 | D:3      | Killed Jessica
  3114 | D:3      | Reached skill level 1 in Translocations
  3114 | D:3      | Reached XP level 5. HP: 28/28 MP: 8/14
  3462 | D:4      | Noticed a phantom
  3714 | D:4      | Found a staircase to the Ecumenical Temple.
  3753 | D:4      | Noticed Blork the orc
  3784 | Temple   | Entered the Ecumenical Temple
  3784 | Temple   | Found a transporter.
  3784 | Temple   | Found a transporter.
  3786 | Temple   | Found a transporter.
  3786 | Temple   | Found a transporter.
  3802 | Temple   | Became a worshipper of Gozag Ym Sagoz the Greedy
  4242 | D:2      | Killed Robin
  4556 | D:4      | Killed a phantom
  4704 | D:4      | Reached XP level 6. HP: 32/32 MP: 11/16
  4838 | D:4      | Killed Blork the orc
  5698 | D:5      | Entered Level 5 of the Dungeon
  5735 | D:5      | Found Byqiwoij's Antique Armour Shoppe.
  5739 | D:5      | Bought a runed cloak for 225 gold pieces
  5800 | D:5      | Noticed a kobold demonologist
  5800 | D:5      | Noticed a gargoyle
  6132 | D:5      | Killed a kobold demonologist
  6133 | D:5      | Reached XP level 7. HP: 22/36 MP: 6/19
  6577 | D:5      | Noticed a two-headed ogre
  6588 | D:5      | Killed a two-headed ogre
  6589 | D:5      | Reached skill level 5 in Translocations
  6589 | D:5      | Reached XP level 8. HP: 41/41 MP: 1/21
  6982 | D:5      | Bought an embroidered robe for 111 gold pieces
  7668 | D:6      | Noticed Sigmund
  7859 | D:5      | Killed a gargoyle
  7860 | D:5      | Reached XP level 9. HP: 13/45 MP: 18/24
  8105 | D:5      | Found Cuxkopas's Weapon Shop.
  8307 | D:5      | Reached skill level 10 in Spellcasting
  8536 | D:5      | Found Urihalisch's Assorted Antiques.
  8587 | D:5      | Found a stormy altar of Qazlal.
  9698 | D:6      | Identified the +1 whip of Gozag's Displeasure {venom, rC+
                  | rN++ Will+ Int+2}
  9703 | D:6      | Killed Sigmund
  9704 | D:6      | Reached skill level 10 in Conjurations
  9986 | D:7      | Reached skill level 1 in Armour
  9989 | D:7      | Reached skill level 2 in Armour
 10168 | D:7      | Reached skill level 3 in Armour
 10683 | D:7      | Reached skill level 4 in Armour
 10762 | D:7      | Found Ugout's Distillery.
 10765 | D:7      | Bought a potion of heal wounds for 60 gold pieces
 10765 | D:7      | Bought a potion of curing for 36 gold pieces
 10765 | D:7      | Bought a potion of brilliance for 48 gold pieces
 10765 | D:7      | Bought a potion of mutation for 96 gold pieces
 10765 | D:7      | Bought a potion of heal wounds for 60 gold pieces
 10765 | D:7      | Bought a potion of curing for 36 gold pieces
 10765 | D:7      | Bought a potion of curing for 36 gold pieces
 10765 | D:7      | Bought a potion of attraction for 36 gold pieces
 10866 | D:7      | Reached skill level 5 in Armour
 10866 | D:7      | Found a white marble altar of Elyvilon.
 11006 | D:7      | Found a large runed translucent door.
 11007 | D:7      | Found a large runed translucent door.
 11540 | D:7      | Found a basalt altar of Yredelemnul.
 11649 | D:7      | Reached skill level 6 in Armour
 11649 | D:7      | Reached XP level 10. HP: 50/50 MP: 17/27
 11804 | D:7      | Found a bloodstained altar of Trog.
 11809 | D:7      | Found a shadowy altar of Dithmenos.
 11982 | D:8      | Noticed Pikel
 11988 | D:8      | Killed Pikel
 11989 | D:8      | Reached skill level 7 in Armour
 12125 | D:8      | Noticed Psyche
 12135 | D:8      | Killed Psyche
 12136 | D:8      | Reached skill level 8 in Armour
 12148 | D:8      | Noticed Joseph
 12733 | D:8      | Killed Joseph
 12734 | D:8      | Reached skill level 9 in Armour
 12889 | D:8      | Noticed Gastronok
 12907 | D:8      | Found a sacrificial altar of Ru.
 12948 | D:8      | Noticed a quicksilver ooze
 13109 | D:8      | Found a radiant altar of Vehumet.
 13593 | D:9      | Found a staircase to the Orcish Mines.
 13843 | D:9      | Reached skill level 10 in Armour
 14566 | D:9      | Reached skill level 11 in Armour
 15195 | D:10     | Entered Level 10 of the Dungeon
 15205 | D:10     | Found a snail-covered altar of Cheibriados.
 15391 | D:10     | Found a blossoming altar of Fedhas.
 15950 | D:10     | Found an iron altar of Okawaru.
 16003 | D:10     | Reached XP level 11. HP: 54/54 MP: 11/28
 16282 | D:10     | Reached skill level 12 in Armour
 16338 | D:10     | Reached skill level 1 in Fighting
 17065 | D:10     | Noticed an oklob plant
 17077 | D:10     | Killed an oklob plant
 17258 | D:11     | Noticed Lodul
 17259 | D:11     | Identified the +6 arbalest "Akeakear" {flame, +Blink rC-
                  | rN++ Stlth+}
 17730 | D:11     | Slain by an ogre

Illustrated notes

Levels and vault maps discovered:
D:1:      mushboom_english_gardens, layout_basic
D:2:      layout_rooms, minmay_close_crescents, uniq_robin
D:3:      layout_loops_ring, mainiacjoe_overflow_24_doors, uniq_jessica
D:4:      layout_basic, minmay_temple_entry_overgrown, uniq_blork_the_orc
D:5:      kennysheep_big_flooded_room, layout_gridville, grunt_qazlal_sundering,
          serial_shops, nicolae_diamond_shop, shop, nicolae_shop_back_alley_shop
D:6:      layout_cave_pools, minmay_manual_moon, uniq_sigmund
D:7:      layout_basic, kennysheep_ying_yang, jmf_multi_god_temple2,
          serial_shops, kennysheep_mini_moat
D:8:      layout_rooms, mainiacjoe_overflow_six_doors_small, kennysheep_mini,
          uniq_pikel, uniq_gastronok, uniq_joseph, uniq_psyche
D:9:      layout_grid_maze, minmay_orc_entry_temple_small
D:10:     layout_layer_cave, tgw_fedhas, okawaru_ov_weapons_minmay,
          cheibrodos_worm_habitat
D:11:     nicolae_cairo_tiling_large_dashed, layout_small_grid,
          lair_entry_dummy, uniq_lodul
Temple:   hellmonk_temple_divided_pantheon

Skill      XL: |  1  2  3  4  5  6  7  8  9 10 11 |
---------------+----------------------------------+-----
Spellcasting   | 4 5 6 7 9 11 | 11.1
Conjurations   | 5 6 7 9 10 | 10.0
Hexes          | 1 2 4 6 |  6.1
Translocations | 1 2 3 5 |  5.1
Armour         | 6 11 12 | 12.0
Fighting       | 4 |  4.3
Dodging        | |  2.4
Stealth        | |  2.4

Action                     |  1- 3 |  4- 6 |  7- 9 | 10-12 || total
---------------------------+-------+-------+-------+-------++-------
  Melee: Club              |    14 |       |       |       ||    14
         Dagger            |       |     2 |     1 |    26 ||    29
   Cast: Magic Dart        |   114 |    66 |    81 |    10 ||   271
         Searing Ray       |     4 |    13 |    20 |    18 ||    55
         Fulminant Prism   |       |     6 |    29 |    58 ||    93
         Iskenderun's Myst |       |     2 |    19 |    33 ||    54
  Evoke: Wand              |       |       |       |     2 ||     2
    Use: Scroll            |       |     9 |     2 |     3 ||    14
         Potion            |       |       |     1 |     1 ||     2
 Armour: Robe              |    24 |     7 |     7 |     8 ||    46
  Dodge: Dodged            |    80 |     9 |    30 |    25 ||   144
